AoeStats
← Tschab

Arabia

507941865Analyzed
1v1 RM · 14d ago on Sep 20, 2026· 22m 52s· 2 players
Game mode
Random Map
Map size
Tiny (2 player)
Population
200
Speed
Normal
Resources
Standard
Victory
Conquest
Starting age
Dark Age
Ending age
Imperial Age
RankedLock teamsTeams togetherTeam positionsShared explorationLock speedFull tech treeHidden civsTurbo modeCheats
Victory
Defeat
🇹🇷 Magyars · Türkiye
1391
+16
🇨🇭 Mongols · Switzerland
1390
-16
Tschab
9:19 Feudal Age
7:34 Loom
9:47 Double-Bit Axe
12:23 Wheelbarrow
11:34 Loom
11:39 Horse Collar
17:08 Town Watch
22:32 Castle Age
21:04 Scale Mail Armor
21:30 Forging
22:38 Pikeman
Alemdar
8:15 Loom
10:24 Feudal Age
15:20 Castle Age
15:44 Scale Barding Armor
Connection lost

Rejoining the realm…

Still unreachable

The connection could not be restored.

Session expired

The server has moved on; the page needs a fresh start.